 Dungeon Crawl Stone Soup version 0.31-a0-1074-g0b22e4e0f1 (webtiles) character file.

Game seed: 17750051794504257554

60 horus123 the Magician (level 3, 0/19 HPs)
             Began as a Deep Elf Earth Elementalist on Dec 1, 2023.
             Slain by a goblin
             ... wielding a +0 dagger
             ... led by Robin
              (2 damage)
             ... on level 2 of the Dungeon.
             The game lasted 00:02:22 (1182 turns).

horus123 the Magician (Deep Elf Earth Elementalist) Turns: 1182, Time: 00:02:22

Health: 0/19       AC:  2    Str:  5    XL:     3   Next: 82%
Magic:  12/12      EV: 17    Int: 21    God:
Gold:   115        SH:  0    Dex: 15    Spells: 9/13 levels left

rFire   . . .        c - +1 short sword
rCold   . . .        (no shield)
rNeg    . . .        a - +0 robe
rPois   .            (no helmet)
rElec   .            (no cloak)
rCorr   .            (no gloves)
SInv    .            (no boots)
Will    .....        (no amulet)
Stlth   ++           e - +5 ring of evasion
HPRegen 0.23/turn    (no ring)
MPRegen 0.13/turn

%: no passive effects
@: no status effects
A: no striking features
a: no special abilities


You were on level 2 of the Dungeon.
You visited 1 branch of the dungeon, and saw 2 of its levels.

You collected 115 gold pieces.

Inventory:

Hand Weapons
 c - a +1 short sword (weapon)
Missiles
 d - 3 curare-tipped darts
Armour
 a - a +0 robe (worn)
Jewellery
 e - a +5 ring of evasion (left hand)
Wands
 m - a wand of digging (8)
Scrolls
 f - a scroll of teleportation
 k - a scroll of identify {unknown}
Potions
 g - a potion of enlightenment {unknown}
 h - a potion of curing {unknown}
 l - a potion of might {unknown}


   Skills:
 - Level 2.4 Dodging
 - Level 2.4 Stealth
 + Level 5.8 Spellcasting
 - Level 1.1 Transmutations
 - Level 3.2 Earth Magic


You had 9 spell levels left.
You knew the following spells:

 Your Spells              Type           Power      Damage    Failure   Level
a - Sandblast             Erth           38%        2d10      2%          1
b - Stone Arrow           Conj/Erth      24%        3d8       16%         3

Your spell library contained the following spells:

 Spells                   Type           Power      Damage    Failure   Level
 Passwall                 Tmut/Erth      12%        N/A       6%          2
 Petrify                  Tmut/Erth      15%        N/A       38%         4
 Brom's Barrelling Bould  Conj/Erth      12%        2d4       45%         4


Dungeon Overview and Level Annotations

Branches:
Dungeon (2/15)

Altars:
Dithmenos

Annotations:
D:2 Robin


Message History

Robin laughs in a distinctly smug fashion.
Aiming: Sandblast (safe; 2% risk of failure)
Press: ? - help, Q - select action, (/) - cycle Shift-Dir - straight line, f - goblin
Aim: a goblin, wielding a +0 dagger (77% to hit)
The blast of sand hits the goblin!
You kill the goblin!
The goblin closely misses you. The goblin hits you but does no damage.
Aiming: Sandblast (safe; 2% risk of failure)
Press: ? - help, Q - select action, (/) - cycle Shift-Dir - straight line, f - goblin
Aim: a goblin, wielding a +0 dagger (77% to hit)
The blast of sand hits the goblin!
You kill the goblin!
The goblin hits you but does no damage.
Aiming: Sandblast (safe; 2% risk of failure)
Press: ? - help, Q - select action, (/) - cycle Shift-Dir - straight line, f - hobgoblin
Aim: a hobgoblin (82% to hit)
The blast of sand hits the hobgoblin!
You kill the hobgoblin!
The goblin completely misses you. The goblin hits you with a +0 club.
* * * LOW HITPOINT WARNING * * *
Aiming: Sandblast (safe; 2% risk of failure)
Press: ? - help, Q - select action, (/) - cycle Shift-Dir - straight line, f - goblin
Aim: a goblin, wielding a +0 club (77% to hit)
The blast of sand hits the goblin!
You kill the goblin!
Robin roars a battlecry!
The goblins go into a battle-frenzy!
Magic courses through your body.
Robin says, "My goblins will feast on your bones."
Aiming: Sandblast (safe; 2% risk of failure)
Press: ? - help, Q - select action, (/) - cycle Shift-Dir - straight line, f - Robin
Aim: Robin, wielding a +0 whip, wearing a +0 animal skin and wearing a +0 helmet (87% to hit)
The blast of sand hits Robin!
Robin is heavily wounded.
Robin throws the goblin at you!
* * * LOW HITPOINT WARNING * * *
The goblin closely misses you.
Robin says, "My goblins will feast on your bones."
Robin barely misses you. The goblin hits you with a +0 dagger.
You die...

...g.g...># #..g.....#
#...g....###########
#....g...#.........#
#........#.#######.#
#........#.#.....#.#
###############g#.#<.##.#.#
#........# #g#.#####.#.#
##......(.# #@#.......#.#
..........# #g#########.#
..........######...........#
..........#...##.###########
..........#...##.#
..........#......#
.......####...####
.......####...#
#........##...#


You could see Robin and 2 goblins.

Vanquished Creatures
  2 adders (D:2)
  4 endoplasms
  2 giant cockroaches (D:2)
  10 goblins (D:2)
  3 hobgoblins (D:2)
  3 jackals (D:2)
  3 kobolds (D:1)
  3 quokkas
  3 ball pythons
  2 frilled lizards (D:1)
  3 rats
38 creatures vanquished.

Notes
Turn   | Place    | Note
-------+----------+-------------------------------------------
     0 | D:1      | horus123 the Deep Elf Earth Elementalist began the quest
                  | for the Orb.
     0 | D:1      | Reached XP level 1. HP: 10/10 MP: 6/6
   328 | D:1      | Reached skill level 4 in Spellcasting
   328 | D:1      | Reached XP level 2. HP: 14/15 MP: 7/9
   600 | D:2      | Reached XP level 3. HP: 19/19 MP: 9/11
   604 | D:2      | Learned a level 3 spell: Stone Arrow
   646 | D:2      | Reached skill level 5 in Spellcasting
   743 | D:2      | Found a shadowy altar of Dithmenos.
  1166 | D:2      | Noticed Robin
  1182 | D:2      | Slain by a goblin

Illustrated notes

Levels and vault maps discovered:
D:1:      wander_arrival_estate, layout_rooms
D:2:      layout_basic, basic_altar, uniq_robin

Skill      XL: |  1  2  3 |
---------------+----------+-----
Spellcasting   | 4 5 |  5.8
Dodging        | |  2.4
Stealth        | |  2.4
Transmutations | |  1.1
Earth Magic    | |  3.2

Action                     || total
---------------------------++-------
  Melee: Short sword       ||     2
   Cast: Sandblast         ||    52
    Use: Scroll            ||     4
         Potion            ||     1
 Armour: Robe              ||    15
  Dodge: Dodged            ||    17

Table legend: (Time is in decaauts)
 A = Elapsed time spent in this place.
 B = Non-inter-level travel time spent in this place.
 C = Inter-level travel time spent in this place.
 D = Time resting spent in this place.
 E = Time spent auto-exploring this place.
 F = Levels seen in this place.
 G = Mean time per level.
                   A        B        C        D        E       F      G
               +--------+--------+--------+--------+--------+-----+--------+
         Total |   1206 |   1193 |     13 |      0 |   1002 |   2 |  603.0 |
       Dungeon |   1206 |   1193 |     13 |      0 |   1002 |   2 |  603.0 |
               +--------+--------+--------+--------+--------+-----+--------+

Top non-repeatable levels by time:
     D:2: 720 daAuts
     D:1: 486 daAuts
